 Dungeon Crawl Stone Soup version 0.30-a0-639-g3916f1956a (webtiles) character file.

Game seed: 2516027400770567942

387 wormed the Ducker (level 6, -8/44 HPs)
             Began as a Gnoll Wanderer on Jan 16, 2023.
             Was a Plaything of Xom.
             Mangled by a sixfirhy (12 damage)
             ... summoned by Xom
             ... on level 4 of the Dungeon.
             The game lasted 00:07:03 (3717 turns).

wormed the Ducker (Gnoll Wanderer)                  Turns: 3717, Time: 00:07:04

Health: -8/44      AC: 16    Str: 11      XL:     6   Next: 78%
Magic:  14/14      EV: 18    Int: 11      God:    Xom [......]
Gold:   365        SH:  0    Dex: 17 (18) Spells: 15/15 levels left

rFire   . . .      SeeInvis .    d - +3 spear (venom)
rCold   . . .      Faith    .    (no shield)
rNeg    . . .      Spirit   .    t - +4 ring mail "Ufiwkash" {Dex+4}
rPois   .          Reflect  .    h - +0 helmet
rElec   .          Harm     .    (no cloak)
rCorr   .          Rampage  .    k - +1 pair of gloves
Will    .....                    (no boots)
Stlth   ++                       (no amulet)
HPRegen 0.27/turn                e - +4 ring of protection
MPRegen 0.14/turn                s - +5 ring of evasion

@: no status effects
A: fangs 1, strong nose, distributed training
a: Renounce Religion


You were on level 4 of the Dungeon.
You worshipped Xom.
You were a very special plaything of Xom.
You visited 1 branch of the dungeon, and saw 4 of its levels.

You collected 365 gold pieces.

Inventory:

Hand Weapons
 a - a +1 sling
 d - a +3 spear of venom (weapon)
 q - a +0 vampiric whip
Missiles
 j - 5 atropa-tipped darts
 l - 2 curare-tipped darts
 p - 9 poisoned darts
Armour
 h - a +0 helmet (worn)
 k - a +1 pair of gloves (worn)
 t - the +4 ring mail "Ufiwkash" (worn) {Dex+4}
   (You found it on level 4 of the Dungeon)

   Dex:       It affects your dexterity (+4).
Jewellery
 e - a +4 ring of protection (left hand)
 f - the ring "Yssah" {Fire Int+4}
   (You found it on level 3 of the Dungeon)

   [ring of fire]

   It enhances your fire magic.
   Int:       It affects your intelligence (+4).
   rF:        It protects you from fire.
   rC:        It makes you vulnerable to cold.
 m - an amulet of the acrobat
 s - a +5 ring of evasion (right hand)
Wands
 i - a wand of flame (5) (quivered)
Scrolls
 c - a scroll of enchant armour
 g - a scroll of immolation
Potions
 n - a potion of degeneration


   Skills:
 + Level 2.2 Fighting
 + Level 2.2 Short Blades
 + Level 2.2 Long Blades
 + Level 2.2 Axes
 + Level 2.2 Maces & Flails
 + Level 2.2 Polearms
 + Level 2.2 Staves
 + Level 5.1 Ranged Weapons
 + Level 3.4 Throwing
 + Level 2.2 Armour
 + Level 6.9 Dodging
 + Level 2.2 Stealth
 + Level 2.2 Shields
 + Level 2.2 Unarmed Combat
 + Level 5.4 Spellcasting
 + Level 1.7 Conjurations
 + Level 1.7 Hexes
 + Level 1.7 Summonings
 + Level 1.7 Necromancy
 + Level 1.7 Translocations
 + Level 4.2 Transmutations
 + Level 1.7 Fire Magic
 + Level 1.7 Ice Magic
 + Level 1.7 Air Magic
 + Level 1.7 Earth Magic
 + Level 1.7 Poison Magic
 + Level 2.4 Invocations
 + Level 2.2 Evocations


You had 15 spell levels left.
You didn't know any spells.
Your spell library contained the following spells:

 Spells                   Type           Power      Damage    Failure   Level
 Sting                    Tmut/Pois      36%        1d4       14%         1
 Passwall                 Tmut/Erth      7%         N/A       22%         2
 Inner Flame              Hex/Fire       6%         N/A       56%         3
 Kindle Blastsparks       Fire/Tloc/Air  12%        2d11      56%         3
 Ice Form                 Ice/Tmut       9%         N/A       80%         4
 Flame Wave               Conj/Fire      6%         2d5       93%         4
 Fulminant Prism          Conj/Hex       3%         3d5       93%         4
 Iskenderun's Mystic Bla  Conj/Tloc      6%         2d4       93%         4
 Sticky Flame             Conj/Fire      6%         2d3       93%         4
 Lee's Rapid Deconstruct  Erth           3%         3d5*      100%        5


Dungeon Overview and Level Annotations

Branches:
Dungeon (4/15)
 Temple: D:4-7

Altars:
Xom

Annotations:
D:4 Dowan, Duvessa, Grinder


Innate Abilities, Weirdness & Mutations

You have very sharp teeth.
Your uncanny sense of smell can sniff out nearby items.
Your experience applies equally to all skills.


Message History

An orc comes into view. It is wielding a +0 hand axe.
The adder misses you.
You barely miss the adder. The adder misses you. The adder barely misses you.
You miss the adder. "Let's see if it's strong enough to survive yet."
The adder barely misses you. The adder misses you.
You miss the adder. Your bite misses the adder. The adder closely misses you.
The adder completely misses you. The adder closely misses you.
The shadow imp closely misses you. The sixfirhy barely misses you.
You closely miss the sixfirhy. The sixfirhy barely misses you.
The sixfirhy hits you. The sixfirhy shocks you! The adder bites you.
The sixfirhy misses you. The adder closely misses you.
The adder barely misses you. The sixfirhy barely misses you.
The shadow imp closely misses you.
The crimson imp blinks!
You miss the sixfirhy. The sixfirhy hits you! The sixfirhy shocks you!
* * * LOW HITPOINT WARNING * * *
The sixfirhy closely misses you.
The adder bites you but does no damage. x2
The shadow imp closely misses you.
You are too injured to fight recklessly!
As you read the scroll labelled POPLUF ARY, it crumbles to dust.
It is a scroll of amnesia.
Your memory of Sting unravels.
The adder barely misses you. The adder completely misses you.
The adder closely misses you. The shadow imp hits you.
* * * LOW HITPOINT WARNING * * *
Blink to where?
Press: ? - help, Dir - move target
As you read the scroll of blinking, it crumbles to dust.
As you read the scroll of teleportation, it crumbles to dust.
You feel strangely unstable.
Your surroundings seem slightly different.
Splash!
You fall into the shallow water.
Moving in this stuff is going to be slow.
The sixfirhy misses you.
The sixfirhy hits you but does no damage.
The sixfirhy hits you.
* * * LOW HITPOINT WARNING * * *
The sixfirhy shocks you!
You die...

∆ #.#.~≈≈≈.~≈~~~..............#
#.#.~~~~.......###...........
#.........~~~~.# ##..........
#####...~~~~~.~≈≈~.# ##..........
........~≈≈≈~.~≈≈~.###......<....
####.#..~≈≈≈~.~≈≈~...............
#.#..~~~~~.~≈~~†..............
#..............[)###..........
##..##....#..3@÷..# ##.........
#..##..####....)<)# ####......
##..##.## #....)).# ##.....
##...#..# #.......# ######
#.S....## #.......# #.######
#.......# S.# #.......# ###
#########


You could see a sixfirhy (summoned).

Vanquished Creatures
  Menkaure (D:4)
  Jessica (D:2)
  Ijyb (D:3)
  Robin (D:4)
  7 gnolls
  4 adders
  A worm (D:2)
  3 dart slugs
  5 orcs
  4 ball pythons
  6 bats
  7 endoplasms
  8 hobgoblins
  2 jackals (D:3)
  7 kobolds
  4 quokkas
  3 frilled lizards
  19 goblins
  4 rats (D:1)
88 creatures vanquished.

Vanquished Creatures (collateral kills)
  A goblin (D:4)
1 creature vanquished.

Vanquished Creatures (others)
  4 fungi (D:3)
  6 plants (D:3)
10 creatures vanquished.

Grand Total: 99 creatures vanquished

Notes
Turn   | Place    | Note
-------+----------+-------------------------------------------
     0 | D:1      | wormed the Gnoll Wanderer began the quest for the Orb.
     0 | D:1      | wormed set off with the following items: a +0 sling, a +0
                  | pair of gloves, a scroll of fear, a +0 robe; and the
                  | following spell memorised: Sting; and the following spells
                  | available to memorise: Passwall, Ice Form.
     0 | D:1      | Reached XP level 1. HP: 13/13 MP: 6/6
   173 | D:1      | Reached XP level 2. HP: 19/19 MP: 7/7
   580 | D:1      | Reached skill level 5 in Spellcasting
   580 | D:1      | Reached XP level 3. HP: 25/25 MP: 7/9
  1044 | D:2      | Reached skill level 1 in Invocations
  1047 | D:2      | Reached skill level 1 in Fighting
  1047 | D:2      | Reached skill level 1 in Short Blades
  1047 | D:2      | Reached skill level 1 in Long Blades
  1047 | D:2      | Reached skill level 1 in Axes
  1047 | D:2      | Reached skill level 1 in Maces & Flails
  1047 | D:2      | Reached skill level 1 in Polearms
  1047 | D:2      | Reached skill level 1 in Staves
  1047 | D:2      | Reached skill level 1 in Armour
  1047 | D:2      | Reached skill level 1 in Stealth
  1047 | D:2      | Reached skill level 1 in Shields
  1047 | D:2      | Reached skill level 1 in Unarmed Combat
  1047 | D:2      | Reached skill level 1 in Evocations
  1057 | D:2      | Reached XP level 4. HP: 32/32 MP: 11/11
  1159 | D:2      | Reached skill level 1 in Conjurations
  1159 | D:2      | Reached skill level 1 in Hexes
  1159 | D:2      | Reached skill level 1 in Summonings
  1159 | D:2      | Reached skill level 1 in Necromancy
  1159 | D:2      | Reached skill level 1 in Translocations
  1159 | D:2      | Reached skill level 1 in Fire Magic
  1159 | D:2      | Reached skill level 1 in Ice Magic
  1159 | D:2      | Reached skill level 1 in Air Magic
  1159 | D:2      | Reached skill level 1 in Earth Magic
  1159 | D:2      | Reached skill level 1 in Poison Magic
  1436 | D:2      | Noticed Jessica
  1451 | D:2      | Killed Jessica
  1452 | D:2      | Reached XP level 5. HP: 32/37 MP: 12/12
  1705 | D:3      | Noticed Ijyb
  2088 | D:3      | Identified the ring "Yssah" {Fire Int+4}
  2243 | D:3      | Found a faded altar of an unknown god.
  2270 | D:3      | Prayed at the altar of an unknown god.
  2270 | D:3      | Became a worshipper of Xom of Chaos
  2448 | D:3      | Killed Ijyb
  2730 | D:3      | XOM: silly message
  2774 | D:3      | XOM: divination: magic mapping
  2843 | D:4      | Noticed Menkaure
  2848 | D:4      | Killed Menkaure
  2849 | D:4      | Reached skill level 5 in Ranged Weapons
  2849 | D:4      | Reached XP level 6. HP: 24/44 MP: 14/14
  2956 | D:4      | Noticed Dowan
  2958 | D:4      | Noticed Duvessa
  2960 | D:4      | Noticed Grinder
  3162 | D:3      | XOM: summons 3 hostile demons
  3286 | D:4      | Identified the +4 ring mail "Ufiwkash" {Dex+4}
  3304 | D:4      | Noticed Robin
  3364 | D:4      | XOM: enchant monster (bad)
  3378 | D:4      | XOM: summons friendly ufetubus
  3389 | D:4      | Killed Robin
  3389 | D:4      | HP: 1/44 [poisoned by Robin]
  3514 | D:4      | XOM: stat loss: -1 Dex (17/18)
  3703 | D:4      | XOM: summons 4 hostile demons
  3704 | D:4      | Noticed a neqoxec
  3704 | D:4      | Noticed a sixfirhy
  3717 | D:4      | Mangled by a sixfirhy

Illustrated notes

Levels and vault maps discovered:
D:1:      minmay_arrival_jagged, layout_basic, corexii_hall_statues_s,
          nicolae_eternal_life
D:2:      layout_basic, minmay_diced_spiral, uniq_jessica
D:3:      layout_basic, shapermc_ecumenical_altar_mp_urbaneastern, uniq_ijyb
D:4:      layout_rooms, mainiacjoe_overflow_divided_tiny, minivault_14,
          grunt_ministairs_7, uniq_robin, uniq_duvessa, uniq_grinder,
          uniq_menkaure

Skill      XL: |  1  2  3  4  5 |
---------------+----------------+-----
Spellcasting   | 5 |  5.4
Invocations    | 1 2 |  2.4
Fighting       | 1 2 |  2.2
Short Blades   | 1 2 |  2.2
Long Blades    | 1 2 |  2.2
Axes           | 1 2 |  2.2
Maces & Flails | 1 2 |  2.2
Polearms       | 1 2 |  2.2
Staves         | 1 2 |  2.2
Armour         | 1 2 |  2.2
Stealth        | 1 2 |  2.2
Shields        | 1 2 |  2.2
Unarmed Combat | 1 2 |  2.2
Evocations     | 1 2 |  2.2
Conjurations   | 1 |  1.7
Hexes          | 1 |  1.7
Summonings     | 1 |  1.7
Necromancy     | 1 |  1.7
Translocations | 1 |  1.7
Fire Magic     | 1 |  1.7
Ice Magic      | 1 |  1.7
Air Magic      | 1 |  1.7
Earth Magic    | 1 |  1.7
Poison Magic   | 1 |  1.7
Throwing       | 3 |  3.4
Transmutations | 4 |  4.2
Ranged Weapons | 5 |  5.1
Dodging        | |  6.9

Action                   |  1- 3 |  4- 6 || total
-------------------------+-------+-------++-------
Melee: Whip              |       |    77 ||    77
       Spear             |       |    12 ||    12
       Bite              |       |    11 ||    11
 Fire: Sling             |    76 |   200 ||   276
Throw: Dart              |       |    10 ||    10
Evoke: Wand              |       |    11 ||    11
  Use: Scroll            |       |    14 ||    14
       Potion            |       |     4 ||     4
Armor: Robe              |    10 |    63 ||    73
       Ring mail         |       |    33 ||    33
       Skin              |       |     1 ||     1
Dodge: Dodged            |    54 |   312 ||   366

Table legend: (Time is in decaauts)
 A = Elapsed time spent in this place.
 B = Non-inter-level travel time spent in this place.
 C = Inter-level travel time spent in this place.
 D = Time resting spent in this place.
 E = Time spent auto-exploring this place.
 F = Levels seen in this place.
 G = Mean time per level.
                   A        B        C        D        E       F      G
               +--------+--------+--------+--------+--------+-----+--------+
         Total |   3774 |   3636 |    138 |      0 |   2879 |   4 |  943.5 |
       Dungeon |   3774 |   3636 |    138 |      0 |   2879 |   4 |  943.5 |
               +--------+--------+--------+--------+--------+-----+--------+

Top non-repeatable levels by time:
     D:3: 1408 daAuts
     D:1: 1048 daAuts
     D:2: 798 daAuts
     D:4: 518 daAuts
